 Dungeon Crawl Stone Soup version 0.31-a0-705-ga145531891 (webtiles) character file.

Game seed: 12698564416997055165

82 qw the Shooter (level 4, -4/28 HPs)
             Began as a Gargoyle Hunter on Sept 9, 2023.
             Slain by an iguana (9 damage)
             ... on level 3 of the Dungeon.
             The game lasted 00:00:39 (1835 turns).

qw the Shooter (Gargoyle Hunter)                    Turns: 1835, Time: 00:00:40

Health: -4/28      AC:  9    Str: 15    XL:     4   Next: 43%
Magic:  4/4        EV: 11    Int:  9    God:
Gold:   55         SH:  0    Dex: 15    Spells: 3/3 levels left

rFire   . . .        Y - +0 shortbow
rCold   . . .        (shield currently unavailable)
rNeg    + . .        g - +0 ring mail
rPois   inf          (no helmet)
rElec   +            h - +0 cloak
rCorr   .            (no gloves)
SInv    .            (no boots)
Will    .....        (no amulet)
Stlth   +            (no ring)
HPRegen 0.24/turn    (no ring)
MPRegen 0.09/turn

%: no passive effects
@: mighty, about to teleport
A: sickness immunity, AC +3, negative energy resistance 1, electricity
resistance, torment resistance 1, petrification resistance
a: no special abilities


You were on level 3 of the Dungeon.
You visited 1 branch of the dungeon, and saw 3 of its levels.

You collected 55 gold pieces.


Innate Abilities, Weirdness & Mutations

You are immune to sickness and miasma.
Your stone body is resilient. (AC +3)
You are immune to poison.
You resist negative energy. (rN+)
You are resistant to electric shocks. (rElec)
You are resistant to unholy torment.
You are immune to petrification.


   Skills:
 - Level 3.0 Fighting
 + Level 5.2 Ranged Weapons
 - Level 1.0 Armour
 - Level 1.5 Dodging
 - Level 1.1 Stealth


You had 3 spell levels left.
You didn't know any spells.
Your spell library was empty.

Inventory:

Hand Weapons
 Y - a +0 shortbow (weapon)
Armour
 g - a +0 ring mail (worn)
 h - a +0 cloak (worn)
Potions
 a - a potion of might
 b - a potion of haste {unknown}
 c - a potion of enlightenment {unknown}
 d - a potion of attraction {unknown}

Dungeon Overview and Level Annotations

Branches:
Dungeon (3/15)

Altars:
Yredelemnul


Message History

Done exploring.
What level of the Dungeon? (default 2, ? - help)
There is an open door here.
There is a stone staircase leading down here.
You climb downwards.
Found a stone staircase leading up.
There is a stone staircase leading up here.
An iguana is nearby!
Waypoint 2 assigned to D:3.
You shoot an arrow. The arrow hits the iguana.
The iguana is moderately wounded.
You shoot an arrow. The arrow barely misses the iguana.
You shoot an arrow.
The arrow hits the iguana but does no damage.
The iguana is moderately wounded.
You shoot an arrow.
The arrow hits the iguana but does no damage.
The iguana is moderately wounded.
You shoot an arrow.
The arrow hits the iguana but does no damage.
The iguana is moderately wounded.
You shoot an arrow.
The arrow hits the iguana but does no damage.
The iguana is moderately wounded.
The iguana bites you!
You shoot an arrow. The arrow hits the iguana.
The iguana is severely wounded.
The iguana bites you.
You shoot an arrow. The arrow hits the iguana.
The iguana is severely wounded.
The iguana hisses menacingly.
The iguana bites you!
1834 ||| READING scroll of teleportation.
As you read the scroll of teleportation, it crumbles to dust.
You feel strangely unstable.
The iguana bites you but does no damage.
You shoot an arrow.
The arrow hits the iguana but does no damage.
The iguana is severely wounded.
The iguana closely misses you. The iguana bites you!
You die...

### .. # #.
.##..#.##
.......@#
..##.#.l#
..<..
........
#.##......#
# ........
.#..###.##
#.#.. .#


You could see an iguana.

Vanquished Creatures
  A gnoll (D:1)
  An adder (D:2)
  2 dart slugs (D:2)
  6 ball pythons
  5 bats
  4 endoplasms (D:1)
  A giant cockroach (D:2)
  11 goblins
  6 hobgoblins
  3 jackals (D:1)
  2 quokkas (D:1)
  2 frilled lizards
  2 kobolds (D:1)
  7 rats
  A spectral goblin (D:1)
54 creatures vanquished.

Notes
Turn   | Place    | Note
-------+----------+-------------------------------------------
     0 | D:1      | qw the Gargoyle Hunter began the quest for the Orb.
     0 | D:1      | Reached XP level 1. HP: 12/12 MP: 1/1
     0 | D:1      | 0 ||| qw: Version: 0.3-a-80-g6052c40
     0 | D:1      | 0 ||| qw: Game counter: 1314
     0 | D:1      | 0 ||| qw: Melee chars always use a shield: true
     0 | D:1      | 0 ||| qw: God list: Okawaru
     0 | D:1      | 0 ||| qw: Allow faded altars: false
     0 | D:1      | 0 ||| qw: Do Orc after clearing Dungeon:15 true
     0 | D:1      | 0 ||| qw: Do second Lair branch before Depths: true
     0 | D:1      | 0 ||| qw: Lair rune preference: random
     0 | D:1      | 0 ||| qw: Goals: Normal
     0 | D:1      | 0 ||| PLANNING D:1-11
   111 | D:1      | Reached XP level 2. HP: 9/17 MP: 2/2
   201 | D:1      | Found a faded altar of an unknown god.
   210 | D:1      | 210 ||| Stepping ~*~*~tactically~*~*~ (water).
   212 | D:1      | 212 ||| Stepping ~*~*~tactically~*~*~ (water).
   382 | D:1      | Reached XP level 3. HP: 21/21 MP: 3/3
   484 | D:1      | Reached skill level 5 in Ranged Weapons
   668 | D:1      | HP: 5/22 [jackal (1)]
   670 | D:1      | HP: 2/22 [jackal (3)]
  1155 | D:1      | 1155 ||| UPGRADING to +0 ring mail.
  1165 | D:1      | 1165 ||| DROPPING +0 leather armour.
  1166 | D:1      | 1166 ||| UPGRADING to +0 cloak.
  1171 | D:1      | 1171 ||| READING scroll labelled YGUOFFAOLA.
  1172 | D:1      | 1172 ||| READING scroll labelled TOMIMEKINU.
  1176 | D:1      | 1176 ||| READING scroll labelled EMYSOORALLIRCH.
  1177 | D:1      | 1177 ||| DROPPING scroll of butterflies.
  1195 | D:2      | 1195 ||| STAIRDANCE
  1357 | D:2      | Reached skill level 1 in Armour
  1358 | D:2      | Reached XP level 4. HP: 25/27 MP: 4/4
  1462 | D:2      | Found a basalt altar of Yredelemnul.
  1743 | D:2      | Reached skill level 3 in Fighting
  1800 | D:2      | 1800 ||| DRINKING 2 orange potions.
  1833 | D:3      | HP: 4/28 [iguana (11)]
  1834 | D:3      | 1834 ||| READING scroll of teleportation.
  1835 | D:3      | Slain by an iguana

Levels and vault maps discovered:
D:1:      dpeg_arrival_round_a, layout_basic,
          dreamdust_ecumenical_altar_drowned_temple, st_stairs_1,
          hangedman_feature_mirror
D:2:      layout_basic, basic_altar
D:3:      layout_loops_cross, minmay_misc_feat_alley, grunt_decor_resistance

Skill      XL: |  1  2  3  4 |
---------------+-------------+-----
Ranged Weapons | 5 |  5.2
Armour         | 1 |  1.0
Fighting       | 3 |  3.0
Dodging        | |  1.5
Stealth        | |  1.1

Action                     |  1- 3 |  4- 6 || total
---------------------------+-------+-------++-------
   Fire: Shortbow          |   117 |    61 ||   178
    Use: Scroll            |     3 |     1 ||     4
         Potion            |       |     1 ||     1
 Armour: Leather armour    |    59 |       ||    59
         Ring mail         |     9 |    30 ||    39
  Dodge: Dodged            |    61 |    24 ||    85

Table legend:
 A = Non-vault XP
 B = Vault XP
 C = Vault XP percentage of total XP
 D = Non-vault monster count
 E = Vault monster count
 F = Vault count percentage of total count
                 A         B        C        D         E       F
            +---------+---------+-------+---------+---------+-------
      Total |     108 |      10 |   8.5 |      48 |       6 |  11.1
            +---------+---------+-------+---------+---------+-------
        D:1 |      59 |      10 |  14.5 |      27 |       6 |  18.2
        D:2 |      49 |       0 |   0.0 |      21 |       0 |   0.0
            +---------+---------+-------+---------+---------+-------
